 Dungeon Crawl Stone Soup version 0.23-a0-32-g1388f29e54 (webtiles) character file.

18 Htamos the Caller (level 2, -2/20 HPs)
             Began as a Mummy Summoner on Aug 4, 2018.
             Slain by an adder (3 damage)
             ... on level 1 of the Dungeon.
             The game lasted 00:03:53 (2222 turns).

Htamos the Caller (Mummy Summoner)                  Turns: 2222, Time: 00:03:54

Health: -2/20      AC:  2    Str: 11    XL:     2   Next: 48%
Magic:  1/6        EV: 12    Int: 14    God:
Gold:   41         SH:  0    Dex: 12    Spells: 6/7 levels left

rFire    x . .     SeeInvis .   d - +0 club
rCold    + . .     Gourm    .   (no shield)
rNeg     + + +     Faith    .   a - +0 robe
rPois    ∞         Spirit   .   (no helmet)
rElec    .         Reflect  .   (no cloak)
rCorr    .         Harm     .   (no gloves)
MR       .....                  (no boots)
Stlth    ++........             (no amulet)
HPRegen  0.06/turn              (no ring)
MPRegen  0.10/turn              (no ring)

@: very slightly contaminated
A: no food or potions, fire vulnerability, cold resistance 1, negative energy
resistance 3, torment resistance, unbreathing
a: no special abilities


You were on level 1 of the Dungeon.
You were not hungry.

You visited 1 branch of the dungeon, and saw 2 of its levels.

You collected 41 gold pieces.

Inventory:

Hand Weapons
 d - a +0 club (weapon)
Armour
 a - a +0 robe (worn)
Jewellery
 f - an uncursed ring of fire {unknown}
Scrolls
 b - 4 scrolls of identify {unknown}
 c - 3 scrolls of noise {unknown}
 e - a scroll of remove curse {unknown}


   Skills:
 + Level 0.7 Fighting
 + Level 1.8 Dodging
 - Level 1.5 Stealth
 + Level 3.0 Spellcasting
 * Level 3.5 Summonings


You had 6 spell levels left.
You knew the following spells:

 Your Spells              Type           Power        Failure   Level  Hunger
a - Summon Small Mammal   Summ           ##..         4%          1    N/A

Your spell library contained the following spells:

 Spells                   Type           Power        Failure   Level  Hunger
 Summon Ice Beast         Ice/Summ       #.......     71%         4    N/A
 Call Imp                 Summ           ##......     8%          2    N/A
 Call Canine Familiar     Summ           ##......     16%         3    N/A
 Summon Lightning Spire   Summ/Air       #.......     71%         4    N/A
 Summon Guardian Golem    Hex/Summ       #.......     30%         3    N/A

Dungeon Overview and Level Annotations

Branches:
Dungeon (2/15)

Altars:


Innate Abilities, Weirdness & Mutations

You do not eat or drink.
Your flesh is vulnerable to fire.
You are immune to poison.
Your flesh is cold resistant. (rC+)
You are immune to negative energy. (rN+++)
You are immune to unholy pain and torment.
You can survive without breathing.


Message History

The adder bites you.
* * * LOW HITPOINT WARNING * * *
Your bat hits the adder.
You aren't carrying any items that you can evoke.
You can't drink.
Okay, then.
You closely miss the adder.
The adder is heavily wounded.
Your bat hits the adder but does no damage.
Your bat barely misses the adder.
The adder bites you.
* * * LOW HITPOINT WARNING * * *
Your bat closely misses the adder.
The adder bites you but does no damage.
Unknown command.
You hit the adder.
The adder is almost dead.
Your bat closely misses the adder.
The adder barely misses you.
Your bat closely misses the adder.
Your bat hits the adder but does no damage.
Your bat barely misses the adder.
The adder bites you.
You die...

#...)...#####...!..#
#..)....# ###.###.
#.......# #.# #.
#.......#######.###.
#.............#.#...
#.......#####.#.#.#.
###.....# ###.#.#.##
#.....###.....#.##
#@Sbb...+.....#.##
#.b...)##.....#.##
#.............#.##
#.....#########.##
#.....######.....#
#..........#.#####
#......##.##.# #
####.#.##.##.# #
#.#.##.##.#####


You could see an adder and 3 friendly bats.

Vanquished Creatures
  A dart slug (D:1)
  A goblin (D:1)
  A hobgoblin (D:1)
  A frilled lizard (D:1)
4 creatures vanquished.

Vanquished Creatures (collateral kills)
  A dart slug (D:1)
  A leopard gecko (D:1)
  2 goblins
  A hobgoblin (D:1)
  4 kobolds (D:1)
  A ball python (D:1)
  3 bats
  3 frilled lizards (D:1)
16 creatures vanquished.

Grand Total: 20 creatures vanquished

Notes
Turn   | Place    | Note
-------+----------+-------------------------------------------
     0 | D:1      | Htamos the Mummy Summoner began the quest for the Orb.
     0 | D:1      | Reached XP level 1. HP: 13/13 MP: 4/4
  1003 | D:1      | Reached XP level 2. HP: 17/20 MP: 3/5
  2221 | D:1      | HP: 1/20 [adder (3)]
  2222 | D:1      | Slain by an adder

Vault maps used:
D:1:      dpeg_arrival_houses_and_road

Skill      XL: |  1  2 |
---------------+-------+-----
Spellcasting   | 3 |  3.0
Fighting       | |  0.7
Dodging        | |  1.8
Stealth        | |  1.5
Summonings     | |  3.5

Action                   || total
-------------------------++-------
Melee: Club              ||    41
       Unarmed           ||     1
 Cast: Summon Small Mamm ||    41
 Stab: Sleeping          ||     1
Armor: Robe              ||    14
Dodge: Dodged            ||    65

Table legend:
 A = Spawn XP
 B = Non-spawn XP
 C = Spawn XP percentage of total XP
 D = Spawn monster count
 E = Non-spawn monster count
 F = Spawn count percentage of total count
 G = Total turns spent on level
                    A         B        C        D         E        F      G
               +---------+---------+-------+---------+---------+-------+---------
         Total |       0 |      26 |   0.0 |       0 |      20 |   0.0 |  2222
               +---------+---------+-------+---------+---------+-------+---------
           D:1 |       0 |      24 |   0.0 |       0 |      18 |   0.0 |  2184
           D:2 |       0 |       2 |   0.0 |       0 |       2 |   0.0 |    38
               +---------+---------+-------+---------+---------+-------+---------
